 Dungeon Crawl Stone Soup version 0.24-a0-235-g3f03afc (webtiles) character file.

Game seed: 16675256106368513673

318 Hylith the Conjurer (level 6, -8/48 HPs)
             Began as a Draconian Conjurer on Apr 6, 2019.
             Killed by nerve-wracking pain
             ... invoked by Grinder
              (14 damage)
             ... on level 3 of the Dungeon.
             The game lasted 00:13:44 (3096 turns).

Hylith the Conjurer (Draconian Conjurer)            Turns: 3096, Time: 00:13:45

Health: -8/48      AC:  7    Str: 11    XL:     6   Next: 21%
Magic:  0/10       EV: 13    Int: 21    God:
Gold:   113        SH:  0    Dex: 11    Spells: 10/11 levels left

rFire    . . .     SeeInvis .   u - +0 morningstar
rCold    . . .     Gourm    .   (no shield)
rNeg     . . .     Faith    .   (armour unavailable)
rPois    .         Spirit   .   (helmet restricted)
rElec    .         Reflect  .   (no cloak)
rCorr    .         Harm     .   (no gloves)
MR       .....                  f - +0 pair of boots
Stlth    ++........             (no amulet)
HPRegen  0.16/turn              i - +4 ring of intelligence
MPRegen  0.12/turn              (no ring)

@: no status effects
A: unfitting armour, cold-blooded, AC +6
a: no special abilities


You were on level 3 of the Dungeon.
You were not hungry.

You visited 1 branch of the dungeon, and saw 3 of its levels.

You collected 113 gold pieces.

Inventory:

Hand Weapons
 d - a +0 club
 s - a +0 war axe
 u - a +0 morningstar (weapon)
Missiles
 l - 27 stones (quivered)
Armour
 f - a +0 pair of boots (worn)
Jewellery
 i - a +4 ring of intelligence (left hand)
Wands
 q - a wand of acid (7)
 t - a wand of random effects (11)
Scrolls
 a - 2 scrolls of identify {unknown}
 h - a scroll of teleportation {unknown}
 j - a scroll of immolation {unknown}
 m - a scroll of random uselessness {unknown}
 n - a scroll of amnesia {unknown}
 o - a scroll of remove curse {unknown}
Potions
 c - a potion of ambrosia {unknown}
 e - 2 potions of agility {unknown}
 g - 2 potions of heal wounds {unknown}
 k - a potion of curing
 r - a potion of lignification {unknown}
Comestibles
 b - 10 rations
 p - 2 chunks of flesh


   Skills:
 * Level 2.1 Fighting
 - Level 1.0 Maces & Flails
 - Level 3.1 Dodging
 + Level 2.7 Stealth
 - Level 0.4 Unarmed Combat
 + Level 3.2 Spellcasting
 + Level 5.1 Conjurations


You had 10 spell levels left.
You knew the following spells:

 Your Spells              Type           Power        Failure   Level  Hunger
a - Magic Dart            Conj           ####         1%          1    None

Your spell library contained the following spells:

 Spells                   Type           Power        Failure   Level  Hunger
 Searing Ray              Conj           ####..       2%          2    ##.....
 Dazzling Spray           Conj/Hex       ##....       14%         3    ###....
 Iskenderun's Mystic Bla  Conj           ####....     16%         4    ####...
 Force Lance              Conj/Tloc      ##......     41%         4    ####...
 Fulminant Prism          Conj/Hex       ##........   41%         4    ####...


Dungeon Overview and Level Annotations

Branches:
Dungeon (3/15)

Altars:
Ashenzari
Elyvilon
Gozag

Annotations:
D:3 Grinder, Sigmund


Innate Abilities, Weirdness & Mutations

Your plain brown scales are hard. (AC +6)
You cannot fit into any form of body armour.
You are cold-blooded and may be slowed by cold attacks.


Message History

Grinder gestures at you.
You suddenly lose the ability to move!
Grinder hits you.
You writhe in agony.
Grinder hits you.
You can move again.
Unknown command.
Casting: Magic Dart (safe; 1% risk of failure)
Confirm with . or Enter, or press ? or * to list all spells.
Aiming: Magic Dart (safe; 1% risk of failure)
Press: ? - help, Shift-Dir - straight line, f/p - Grinder
Aim: Grinder (heavily wounded)
The magic dart hits Grinder.
Grinder is severely wounded.
Grinder hits you.
* * * LOW HITPOINT WARNING * * *
You writhe in agony.
* * * LOW HITPOINT WARNING * * *
Grinder gestures at you. Pain shoots through your body!
You die...

#.≈≈≈≈≈.≈≈≈≈≈..
#..≈≈≈≈≈≈≈≈≈...
####≈≈≈≈≈≈≈≈≈≈≈.≈.
#....≈≈≈≈≈≈≈≈≈≈.≈.
#.##≈.≈.≈..≈.≈....
#÷##.....≈..≈≈....
#.#####...###.####
#)#####...###.#
#@##..........#
#..5..........#
####.........##
#....(>..#...##
#.####........##
#.####..(......##
...........)....#
................##
.##......###....##


You could see Grinder.

Vanquished Creatures
  A water moccasin (D:3)
  An orc wizard (D:3)
  Ijyb (D:3)
  5 adders
  An ooze (D:1)
  2 worms
  5 dart slugs
  A leopard gecko (D:2)
  8 orcs (D:3)
  5 ball pythons
  5 giant cockroaches
  13 hobgoblins
  8 jackals
  10 kobolds
  2 quokkas
  5 bats
  4 frilled lizards
  4 goblins
  7 rats
88 creatures vanquished.

Notes
Turn   | Place    | Note
-------+----------+-------------------------------------------
     0 | D:1      | Hylith the Draconian Conjurer began the quest for the Orb.
     0 | D:1      | Reached XP level 1. HP: 14/14 MP: 3/3
   236 | D:1      | Reached XP level 2. HP: 15/20 MP: 0/5
   531 | D:1      | Reached XP level 3. HP: 16/26 MP: 6/6
   676 | D:1      | Reached skill level 1 in Maces & Flails
  1142 | D:2      | Reached XP level 4. HP: 20/34 MP: 7/7
  1898 | D:3      | Found a white marble altar of Elyvilon.
  1936 | D:3      | Found a shattered altar of Ashenzari.
  1938 | D:3      | Found an opulent altar of Gozag.
  1998 | D:3      | Reached XP level 5. HP: 11/39 MP: 1/9
  2247 | D:3      | Noticed Grinder
  2255 | D:3      | Paralysed by Grinder for 4 turns
  2270 | D:3      | Noticed an ogre
  2488 | D:3      | Noticed Sigmund
  2580 | D:3      | Reached skill level 1 in Fighting
  2653 | D:3      | Found a faded altar of an unknown god.
  2713 | D:3      | Noticed Ijyb
  2764 | D:3      | Killed Ijyb
  2782 | D:3      | Noticed a water moccasin
  2791 | D:3      | HP: 2/40 [water moccasin (5)]
  2794 | D:3      | Killed a water moccasin
  2794 | D:3      | Reached skill level 5 in Conjurations
  2794 | D:3      | Reached XP level 6. HP: 9/48 MP: 0/10
  3065 | D:3      | Paralysed by Grinder for 7 turns
  3082 | D:3      | Paralysed by Grinder for 4 turns
  3089 | D:3      | Paralysed by Grinder for 6 turns
  3096 | D:3      | Killed from afar by Grinder

Levels and vault maps discovered:
D:1:      scummos_arrival_simple_fountains, layout_loops_ring, roderic_lattice_a
D:2:      layout_basic
D:3:      layout_loops_ring, grunt_temple_overflow_open,
          chequers_ecumenical_altar_island, first_ration, uniq_ijyb,
          uniq_sigmund, uniq_grinder

Skill      XL: |  1  2  3  4  5 |
---------------+----------------+-----
Dodging        | 2 3 |  3.1
Stealth        | 2 |  2.7
Maces & Flails | 1 |  1.0
Fighting       | 2 |  2.1
Spellcasting   | 3 |  3.2
Conjurations   | 5 |  5.1
Unarmed Combat | |  0.4

Action                   |  1- 3 |  4- 6 || total
-------------------------+-------+-------++-------
Melee: Unarmed           |    18 |       ||    18
       Club              |   125 |   129 ||   254
       Tailslap          |    19 |     8 ||    27
       Morningstar       |       |     5 ||     5
Throw: Stone             |       |     2 ||     2
 Cast: Magic Dart        |    37 |   101 ||   138
  Use: Potion            |     1 |     1 ||     2
 Stab: Sleeping          |     5 |       ||     5
  Eat: Chunk             |     2 |     6 ||     8
Armor: Skin              |    55 |    50 ||   105
Dodge: Dodged            |   133 |   116 ||   249

Table legend:
 A = Non-vault XP
 B = Vault XP
 C = Vault XP percentage of total XP
 D = Non-vault monster count
 E = Vault monster count
 F = Vault count percentage of total count
                 A         B        C        D         E       F
            +---------+---------+-------+---------+---------+-------
      Total |     419 |      36 |   7.9 |      87 |       1 |   1.1
            +---------+---------+-------+---------+---------+-------
        D:1 |      70 |       0 |   0.0 |      34 |       0 |   0.0
        D:2 |      84 |       0 |   0.0 |      27 |       0 |   0.0
        D:3 |     265 |      36 |  12.0 |      26 |       1 |   3.7
            +---------+---------+-------+---------+---------+-------
